 Dungeon Crawl Stone Soup version 0.21-a0-84-g85d6d27 (webtiles) character file.

357 Lianjan the Cudgeler (level 6, -20/47 HPs)
             Began as a Human Fighter on July 2, 2017.
             Killed from afar by a gnoll (26 damage)
             ... with an exploding inner flame
             ... hexed by the player character
             ... on level 4 of the Dungeon.
             The game lasted 00:07:08 (3881 turns).

Lianjan the Cudgeler (Human Fighter)                Turns: 3881, Time: 00:07:08

Health: -20/47     AC:  7    Str: 16    XL:     6   Next: 96%
Magic:  0/6        EV:  9    Int: 10    God:
Gold:   177        SH:  0    Dex: 13    Spells: 5/5 levels left

rFire    . . .     SeeInvis .   a - +0 flail
rCold    . . .     Gourm    .   (no shield)
rNeg     . . .     Faith    .   b - +0 scale mail
rPois    .         Spirit   +   k - +0 helmet
rElec    .         Reflect  .   h - scarf {Spirit}
rCorr    .         Harm     .   (no gloves)
MR       .....                  (no boots)
Stlth    ..........             (no amulet)
HPRegen  0.15/turn              (no ring)
MPRegen  0.10/turn              (no ring)

@: no status effects
A: no striking features
a: no special abilities


You were on level 4 of the Dungeon.
You were not hungry.

You visited 1 branch of the dungeon, and saw 4 of its levels.

You collected 177 gold pieces.

Inventory:

Hand Weapons
 a - a +0 flail (weapon)
Armour
 b - a +0 scale mail (worn)
 c - a +0 shield
 h - a scarf of spirit shield (worn)
 k - a +0 helmet (worn)
Wands
 w - a wand of iceblast (15/15)
Scrolls
 e - a scroll of fear
 g - 2 scrolls of identify
 l - 6 scrolls of enchant weapon {unknown}
 o - a scroll of fog {unknown}
 s - 2 scrolls of teleportation {unknown}
 v - a scroll of remove curse {unknown}
Potions
 n - a potion of brilliance
 p - 3 potions of degeneration {unknown}
 q - a potion of heal wounds {unknown}
 r - a potion of flight {unknown}
 t - a potion of haste {unknown}
Comestibles
 f - 3 bread rations
 j - 2 royal jellies
 m - 2 meat rations
 u - a chunk of flesh


   Skills:
 - Level 3.0 Fighting
 + Level 6.8 Maces & Flails
 - Level 3.0 Armour
 - Level 3.0 Shields


You had 5 spell levels left.
You didn't know any spells.

Dungeon Overview and Level Annotations

Branches:
Dungeon (4/15)
 Temple: D:4-7

Altars:
Cheibriados


Message History

n - a potion of brilliance The gnoll hits you but does no damage.
The gnoll hits you from afar with a halberd!
As you read the scroll labeled DEGAGH CIYTHAWK, it crumbles to dust.
It is a scroll of recharging.
Charge which item? (? for menu, Esc to quit)
Your wand of iceblast (?/15) glows for a moment.
The gnoll hits you from afar with a halberd!
* * * LOW HITPOINT WARNING * * *
The gnoll completely misses you. The gnoll hits you with a halberd!
* * * LOW HITPOINT WARNING * * *
You thump the gnoll!
Your attack snaps the gnoll out of its fear.
The gnoll is almost dead.
The gnoll barely misses you.
You sock the gnoll!
The gnoll explodes!
The fiery explosion engulfs you!
Ouch! That really hurt!
You die...

..............##.#..
#.#....#
######+#......##.#..
#.#....# #.#......##.#..
#.#....# #........'..#..
#.#g...# ###......####..
#g#.g..# #......# #..
#.#....# #......# #..
##.#....################.###
#..
...'..........ยงยง@......g.#
#..
####....##################
#.. #....# #....# ######


You could see a gnoll (inner flame).

Vanquished Creatures
  The ghost of fairyof the Digger, an amateur DEEE (D:3)
  5 orc wizards (D:3)
  5 adders
  A shadow imp (D:3)
  3 worms
  2 dart slugs (D:1)
  6 leopard geckos
  9 orcs
  2 giant cockroaches
  13 goblins
  6 hobgoblins
  A quokka (D:2)
  A ball python (D:3)
  10 bats
  3 frilled lizards (D:2)
  7 kobolds
  7 rats
82 creatures vanquished.

Notes
Turn   | Place    | Note
-------+----------+-------------------------------------------
     0 | D:1      | Lianjan the Human Fighter began the quest for the Orb.
     0 | D:1      | Reached XP level 1. HP: 18/18 MP: 1/1
   258 | D:1      | Reached XP level 2. HP: 23/24 MP: 2/2
   322 | D:1      | Reached skill level 3 in Maces & Flails
   709 | D:1      | Reached XP level 3. HP: 29/29 MP: 3/3
  1151 | D:2      | Reached XP level 4. HP: 6/35 MP: 4/4
  1160 | D:2      | Reached skill level 4 in Maces & Flails
  2028 | D:3      | Found a snail-covered altar of Cheibriados.
  2242 | D:3      | Reached skill level 5 in Maces & Flails
  2242 | D:3      | Reached XP level 5. HP: 35/41 MP: 2/5
  2617 | D:3      | Reached XP level 6. HP: 47/47 MP: 6/6
  2800 | D:3      | Reached skill level 6 in Maces & Flails
  2863 | D:3      | Noticed fairyof's ghost (amateur DEEE)
  2870 | D:3      | Killed fairyof's ghost
  3881 | D:4      | Killed from afar by a gnoll

Vault maps used:
D:1:      dpeg_arrival_boxes_within_box, nrook_mini_backslash
D:2:      minmay_tree_intersection
D:3:      nicolae_overflow_crystal_walls
D:4:      first_bread, minmay_misc_feat_nine_boxes

Skill      XL: |  1  2  3  4  5  6 |
---------------+-------------------+-----
Maces & Flails | 3 5 6 |  6.8
Fighting       | |  3.0
Armour         | |  3.0
Shields        | |  3.0

Action                   |  1- 3 |  4- 6 || total
-------------------------+-------+-------++-------
Melee: Flail             |   116 |   210 ||   326
  Use: Potion            |       |     3 ||     3
       Scroll            |       |     4 ||     4
  Eat: Chunk             |     1 |     9 ||    10
Armor: Scale mail        |    74 |   106 ||   180
       Skin              |       |     7 ||     7
Dodge: Dodged            |    76 |   103 ||   179
Block: Shield            |     6 |       ||     6
